 Dungeon Crawl Stone Soup version 0.31-a0-1009-g454b1f1e0a (webtiles) character file.

Game seed: 2154180387096359577

2902 Dirtsage the Cleaver (level 9, -7/66 HPs)
             Began as a Demonspawn Berserker on Nov 13, 2023.
             Was a Priest of Trog.
             Mangled by a yak (14 damage)
             ... on level 7 of the Dungeon.
             The game lasted 00:08:41 (4704 turns).

Dirtsage the Cleaver (Demonspawn Berserker)         Turns: 4704, Time: 00:08:41

Health: -7/66      AC:  5    Str: 22    XL:     9   Next: 49%
Magic:  9/9        EV: 13    Int: 10    God:    Trog [***...]
Gold:   88         SH:  4    Dex: 19    Spells: 8/8 levels left

rFire   . . .        G - +1 war axe
rCold   . . .        (no shield)
rNeg    . . .        j - +1 troll leather armour {Pargi}
rPois   .            k - +0 helmet
rElec   .            (no cloak)
rCorr   .            (no gloves)
SInv    .            (no boots)
Will    +....        (no amulet)
Stlth   +            v - ring of willpower
HPRegen 1.11/turn    K - +6 ring of dexterity
MPRegen 0.11/turn

%: no passive effects
@: on berserk cooldown, slowed, very slow
A: big brain 1, condensation shield
a: Renounce Religion, Berserk, Trog's Hand


You were on level 7 of the Dungeon.
You worshipped Trog.
Trog was most pleased with you.
You visited 2 branches of the dungeon, and saw 8 of its levels.
You also visited: Sewer.

You collected 380 gold pieces.
You spent 292 gold pieces at shops.

Inventory:

Hand Weapons
 a - a +0 hand axe
 l - a +5 whip of flaming
 G - a +1 war axe (weapon)
Missiles
 c - 4 curare-tipped darts
Armour
 b - a +0 animal skin
 j - a +1 troll leather armour (worn) {Pargi}
 k - a +0 helmet (worn)
 I - a +0 ring mail
Jewellery
 v - a ring of willpower (left hand)
 K - a +6 ring of dexterity (right hand)
Wands
 m - a wand of paralysis (2)
 J - a wand of flame (31)
Scrolls
 d - a scroll of vulnerability
 g - 2 scrolls of fear
 o - a scroll of revelation
 p - a scroll of enchant weapon
 s - a scroll of fog
 t - a scroll of teleportation
 B - 2 scrolls of blinking
 L - a scroll of amnesia
Potions
 f - 2 potions of berserk rage
 h - a potion of haste
 n - a potion of cancellation
 q - 3 potions of curing
 r - a potion of brilliance {unknown}
 u - a potion of mutation
 w - 3 potions of attraction
 x - a potion of magic {unknown}
 z - a potion of lignification
 C - a potion of enlightenment {unknown}
 D - a potion of might {unknown}
 F - a potion of invisibility


   Skills:
 + Level 4.3 Fighting
 * Level 10.9 Axes
 + Level 3.4 Armour
 + Level 3.2 Dodging
 + Level 2.5 Shields


You had 8 spell levels left.
You didn't know any spells.
Your spell library contained the following spells:

 Spells                   Type           Power      Damage    Failure   Level
 Blink                    Tloc           0%         N/A       54%         2
 Lesser Beckoning         Tloc           0%         N/A       54%         2
 Momentum Strike          Conj/Tloc      0%         3d8       54%         2


Dungeon Overview and Level Annotations

Branches:
Dungeon (7/15)             Temple (1/1) D:6           Sewer (visited)

Altars:
Cheibriados
Dithmenos
Fedhas
Gozag
Hepliaklqana
Kikubaaqudgha
Makhleb
Nemelex Xobeh
Qazlal
Ru
Sif Muna
Trog
Uskayaw
Wu Jian
Yredelemnul

Shops:
D:4 :=*(=   D:6 ?


Innate Abilities, Weirdness & Mutations

You have an unusually large brain. (Int +2)
A meltable shield of frost defends you. (SH +4)


Message History

You slash the yak!
You kill the yak!
Trog accepts your kill.
You regained 2 hp, and now have 40/99 hp.
You closely miss the yak. You slash the yak!
The yak is moderately wounded.
The yak gores you!
* * * LOW HITPOINT WARNING * * *
You take 15 damage, and have 26/99 hp.
You closely miss the yak.
The yak is moderately wounded.
The yak gores you but does no damage.
You hit the yak.
The yak is moderately wounded.
You slash the yak!
The yak is severely wounded.
You block the yak's attack.
You closely miss the yak.
The yak is severely wounded.
The yak gores you!
* * * LOW HITPOINT WARNING * * *
You take 8 damage, and have 21/99 hp.
You hit the yak.
The yak is severely wounded.
You barely miss the yak.
The yak is severely wounded.
You are no longer berserk.
You are exhausted.
You feel yourself slow down. The yak gores you!
* * * LOW HITPOINT WARNING * * *
You now have 4/66 hp.
You completely miss the yak.
The yak is severely wounded.
The yak closely misses you.
You regained 2 hp, and now have 6/66 hp.
You slash the yak!
The yak is almost dead.
The yak barely misses you. The yak gores you!
You die...

#......####...#..#.
#......'..>........
#......####...#..#.
#.....## ##.##..#.
#....## ####.##
#...## #.# ##'##
#.# #.# #.. #@# #.#
#Y# #.# .Y. ..#
..... ......#
##.....# #.....#
#.....#


You could see 2 yaks.

Vanquished Creatures
  A hornet (D:5)
  Sigmund (D:2)
  Eustachio (D:5)
  A yak (D:7)
  A steam dragon (D:6)
  Duvessa (D:4)
  4 ice beasts
  Pargi (Sewer)
  2 black bears (D:5)
  2 ogres
  2 centaurs
  A phantom (D:6)
  A bullfrog (D:7)
  4 scorpions
  Dowan (D:4)
  A water moccasin skeleton (D:3)
  A howler monkey (D:5)
  A bullfrog zombie (D:3)
  2 hounds
  2 orc priests
  3 sleepcaps
  An orc wizard (D:3)
  Ijyb (D:4)
  2 iguanas
  Robin (D:2)
  5 adders
  3 gnolls (D:4)
  3 worms
  The ghost of Amnesiac the Stinger, a weakling DjCj (D:3)
  3 dart slugs
  11 orcs
  5 ball pythons
  2 bats
  8 endoplasms
  4 giant cockroaches
  16 goblins
  13 hobgoblins
  6 jackals
  3 quokkas
  4 frilled lizards (D:1)
  15 kobolds
  5 rats
146 creatures vanquished.

Notes
Turn   | Place    | Note
-------+----------+-------------------------------------------
     0 | D:1      | Dirtsage the Demonspawn Berserker began the quest for the
                  | Orb.
     0 | D:1      | Reached XP level 1. HP: 18/18 MP: 1/1
    71 | D:1      | Reached skill level 3 in Axes
   183 | D:1      | Gained mutation: A meltable shield of frost defends you.
                  | (SH +4) [demonic ancestry]
   183 | D:1      | Reached XP level 2. HP: 21/24 MP: 2/2
   419 | D:1      | Reached ** piety under Trog
   889 | D:2      | Reached XP level 3. HP: 29/29 MP: 3/3
   953 | D:2      | Noticed Robin
   957 | D:2      | Reached skill level 4 in Axes
   965 | D:2      | Killed Robin
  1081 | D:2      | You fall into a shaft and drop 2 floors!
  1100 | D:4      | Reached XP level 4. HP: 35/35 MP: 4/4
  1100 | D:4      | Found a glowing drain.
  1113 | Sewer    | Entered a sewer
  1228 | Sewer    | Noticed Pargi
  1231 | Sewer    | Killed Pargi
  1232 | Sewer    | Reached skill level 5 in Axes
  1232 | Sewer    | Reached XP level 5. HP: 41/41 MP: 5/5
  1328 | D:4      | Found a transporter.
  1414 | D:4      | Noticed an ogre
  1423 | D:4      | Killed an ogre
  1424 | D:4      | Reached skill level 6 in Axes
  1424 | D:4      | Gained mutation: You have an unusually large brain. (Int
                  | +2) [demonic ancestry]
  1424 | D:4      | Reached XP level 6. HP: 47/47 MP: 6/6
  1452 | D:4      | Found an ornate altar of the Wu Jian Council.
  1503 | D:4      | Noticed Ijyb
  1516 | D:4      | Killed Ijyb
  1597 | D:4      | Found Umigg's Antique Weapon Shoppe.
  1609 | D:4      | Noticed Duvessa
  1609 | D:4      | Noticed Dowan
  1618 | D:4      | Killed Duvessa
  1619 | D:4      | Reached skill level 7 in Axes
  1622 | D:4      | Killed Dowan
  1623 | D:4      | Reached XP level 7. HP: 43/52 MP: 7/7
  1689 | D:4      | Reached *** piety under Trog
  1691 | D:4      | Found Raunuof's Jewellery Boutique.
  1769 | D:3      | Found a runed translucent gate.
  1769 | D:3      | Found a runed translucent gate.
  1770 | D:3      | Found a runed translucent gate.
  1775 | D:3      | Noticed Amnesiac's ghost (weakling DjCj)
  1825 | D:3      | Found a faded altar of an unknown god.
  2218 | D:2      | Noticed Sigmund
  2234 | D:2      | Killed Sigmund
  2235 | D:2      | Reached skill level 8 in Axes
  2564 | D:3      | Found a sacrificial altar of Ru.
  2987 | D:3      | Killed Amnesiac's ghost
  3041 | D:4      | Found Qafoll's Book Shop.
  3170 | D:4      | Found a transporter.
  3172 | D:4      | Found Zam Gib's General Store.
  3210 | D:4      | Found Dackeven's Jewellery Shoppe.
  3248 | D:5      | Entered Level 5 of the Dungeon
  3274 | D:5      | Reached skill level 9 in Axes
  3274 | D:5      | Reached XP level 8. HP: 55/58 MP: 8/8
  3414 | D:5      | Noticed Eustachio
  3432 | D:5      | Killed Eustachio
  3432 | D:5      | Reached **** piety under Trog
  3533 | D:5      | Reached skill level 10 in Axes
  3582 | D:4      | Bought a war axe for 91 gold pieces
  3675 | D:5      | Found an opulent altar of Gozag.
  3897 | D:5      | Noticed a hornet
  3904 | D:5      | Killed a hornet
  3905 | D:5      | Reached skill level 1 in Shields
  4117 | D:6      | Reached XP level 9. HP: 64/64 MP: 9/9
  4329 | D:6      | Found a staircase to the Ecumenical Temple.
  4335 | D:6      | Found Nines's Magic Scroll Shop.
  4344 | Temple   | Entered the Ecumenical Temple
  4377 | D:6      | Bought a scroll of identify for 26 gold pieces
  4377 | D:6      | Bought a scroll of fear for 52 gold pieces
  4377 | D:6      | Bought a scroll of identify for 26 gold pieces
  4377 | D:6      | Bought a scroll of blinking for 97 gold pieces
  4704 | D:7      | Mangled by a yak

Illustrated notes

Levels and vault maps discovered:
D:1:      sevenhm_arrival_forest_fort_small_3, layout_loops_ring
D:2:      layout_basic, uniq_robin, uniq_sigmund
D:3:      layout_basic, nicolae_ru_great_annihilating_truth,
          gammafunk_ghost_necromancy, shapermc_ecumenical_altar_totnotflames,
          minivault_23, guppyfry_early_orc_mine
D:4:      layout_cave_pools, mainiacjoe_overflow_cross_hatched,
          cheibrodos_sewer_entry_drain, serial_shops, nicolae_shop_drivethru,
          nicolae_diamond_shop, kennysheep_mini, shop, nicolae_stop_n_shop_2,
          due_unseen_surprise, uniq_duvessa, uniq_ijyb
D:5:      layout_loops_ring, lemuel_crystal_altar, kennysheep_generic_room_3,
          uniq_eustachio
D:6:      layout_cave_pools, minmay_temple_entry_arrows, serial_shops, shop
D:7:      layout_loops_corners, nicolae_ashenzari_panopticon,
          nicolae_ossuary_entry_catacombs, nicolae_shop_self_help
Temple:   eino_temple_lava

Skill      XL: |  1  2  3  4  5  6  7  8  9 |
---------------+----------------------------+-----
Axes           | 3 4 5 6 7 9 10 | 10.9
Armour         | 2 3 |  3.4
Dodging        | 2 3 |  3.2
Shields        | 1 2 |  2.5
Fighting       | 4 |  4.3

Action                     |  1- 3 |  4- 6 |  7- 9 || total
---------------------------+-------+-------+-------++-------
  Melee: Hand axe          |    79 |       |       ||    79
         Punch             |     4 |       |     2 ||     6
         Whip              |     7 |    74 |   182 ||   263
         War axe           |       |       |    93 ||    93
 Invoke: Berserk           |     2 |     3 |     6 ||    11
    Use: Scroll            |       |       |    19 ||    19
   Stab: Sleeping          |     1 |       |     2 ||     3
         Paralysed         |       |       |     1 ||     1
 Armour: Animal skin       |    34 |       |       ||    34
         Ring mail         |    14 |     6 |       ||    20
         Troll leather arm |       |    23 |   171 ||   194
  Dodge: Dodged            |    41 |    36 |   133 ||   210
  Block: Other             |    10 |     7 |    46 ||    63

Table legend: (Time is in decaauts)
 A = Elapsed time spent in this place.
 B = Non-inter-level travel time spent in this place.
 C = Inter-level travel time spent in this place.
 D = Time resting spent in this place.
 E = Time spent auto-exploring this place.
 F = Levels seen in this place.
 G = Mean time per level.
                   A        B        C        D        E       F      G
               +--------+--------+--------+--------+--------+-----+--------+
         Total |   4765 |   4535 |    230 |    361 |   3306 |   9 |  529.4 |
       Dungeon |   4603 |   4373 |    230 |    359 |   3208 |   7 |  657.6 |
        Temple |      1 |      1 |      0 |      0 |      0 |   1 |    1.0 |
         Sewer |    160 |    160 |      0 |      1 |     98 |   1 |  160.0 |
               +--------+--------+--------+--------+--------+-----+--------+

Top non-repeatable levels by time:
     D:1: 901 daAuts
     D:5: 872 daAuts
     D:3: 851 daAuts
     D:4: 706 daAuts
     D:2: 675 daAuts
     D:6: 535 daAuts
   Sewer: 160 daAuts
     D:7: 59 daAuts
  Temple: 1 daAuts
